| TOP OF THE 1ST |
|
Waynesboro Braves batting - Pitching for Johnson City Soilders : RHP Mike Skinner
|
|
Pitching: RHP Mike Skinner
|
|
|
Batting: RHB Richie Carter
|
0-0: Called Strike 0-1: Ball 1-1: Ball 2-1: Swinging Strike 2-2: Fly out, F9 (Flyball, 9, EV 83.1 MPH)
|
|
Batting: RHB Sam Khalifa
|
0-0: TRIPLE (Flyball, 89XD, EV 110.0 MPH)
|
|
Batting: RHB Tony Woods
|
0-0: Called Strike 0-1: Ground out 6-3 (Groundball, 6S, EV 62.5 MPH) Sam Khalifa scores
|
|
Batting: RHB Bob Calley
|
0-0: Ball 1-0: Ball 2-0: Called Strike 2-1: Ball 3-1: Called Strike 3-2: Base on Balls
|
|
Batting: RHB Jorge Llano
|
0-0: Ball 1-0: Ball 2-0: Called Strike 2-1: Ball 3-1: Base on Balls Bob Calley to second
|
|
Batting: RHB Angelo Bruno
|
0-0: Ball 1-0: Foul Ball, location: 2F 1-1: Ball 2-1: Foul Ball, location: 2F 2-2: Ball 3-2: Strikes out swinging
|
| Top of the 1st over - 1 run, 1 hit, 0 errors, 2 left on base; Waynesboro 1 - Johnson City 0 |
| BOTTOM OF THE 1ST |
|
Johnson City Soilders batting - Pitching for Waynesboro Braves : RHP Roberto Carrero
|
|
Pitching: RHP Roberto Carrero
|
|
|
Batting: RHB Rich Amaral
|
0-0: Ball 1-0: Foul Ball, location: 2F 1-1: Called Strike 1-2: Strikes out swinging
|
|
Batting: RHB Alejandro Sanchez
|
0-0: Called Strike 0-1: Fly out, F8 (Line Drive, 8LM, EV 105.6 MPH)
|
|
Batting: SHB Jeff Trout
|
0-0: Ball 1-0: Swinging Strike 1-1: Foul Ball, location: 2F 1-2: Ball 2-2: Ball 3-2: SINGLE (Groundball, 34D, EV 96.9 MPH)
|
|
Batting: RHB Eugene Steinbach
|
0-0: Called Strike 0-1: Foul Ball, location: 2F 0-2: Ball 1-2: Ball 2-2: Ball 3-2: SINGLE (Line Drive, 7S, EV 107.5 MPH) Jeff Trout to second Jeff Trout to third
|
|
Batting: LHB Steve Moses
|
0-0: Ball 1-0: Called Strike 1-1: Ground out 3-1 (Groundball, 34S, EV 88.1 MPH)
|
| Bottom of the 1st over - 0 runs, 2 hits, 0 errors, 2 left on base; Waynesboro 1 - Johnson City 0 |
| TOP OF THE 2ND |
|
Waynesboro Braves batting - Pitching for Johnson City Soilders : RHP Mike Skinner
|
|
Batting: RHB Juan Velazquez
|
0-0: Called Strike 0-1: Ball 1-1: Ball 2-1: Fly out, F4 (Popup, 4S, EV 68.8 MPH)
|
|
Batting: RHB Thomas Walker
|
0-0: Ground out 6-3 (Groundball, 6, EV 108.8 MPH)
|
|
Batting: RHB Andres Amoros
|
0-0: Foul Ball, location: 2F 0-1: Foul Ball, location: 2F 0-2: Ball 1-2: Foul Ball, location: 2F 1-2: Fly out, F7 (Flyball, 78D, EV 93.8 MPH)
|
| Top of the 2nd over - 0 runs, 0 hits, 0 errors, 0 left on base; Waynesboro 1 - Johnson City 0 |
| BOTTOM OF THE 2ND |
|
Johnson City Soilders batting - Pitching for Waynesboro Braves : RHP Roberto Carrero
|
|
Batting: RHB Juan Pacho
|
0-0: Called Strike 0-1: Swinging Strike 0-2: Ground out 1-3 (Groundball, 13S, EV 66.9 MPH)
|
|
Batting: SHB Claudio Brito
|
0-0: Ball 1-0: Ball 2-0: Called Strike 2-1: Called Strike 2-2: Ball 3-2: Ground out 4-3 (Groundball, 4, EV 86.9 MPH)
|
|
Batting: RHB Victor Gonzalez
|
0-0: Ball 1-0: Ball 2-0: Foul Ball, location: 2F 2-1: Ball 3-1: Foul Ball, location: 2F 3-2: Foul Ball, location: 2F 3-2: Base on Balls
|
|
Batting: SHB Victor Davila
|
0-0: Called Strike 0-1: Foul Ball, location: 2F 0-2: Ball 1-2: SINGLE (Flyball, 6D, EV 86.9 MPH) Victor Gonzalez to second
|
|
Batting: RHB Rich Amaral
|
0-0: Ball 1-0: Called Strike 1-1: SINGLE (Groundball, 56D, EV 102.5 MPH) Victor Gonzalez to third Victor Davila to second Runner from 3rd tries for Home, SAFE, throw by LF to home
|
|
Batting: RHB Alejandro Sanchez
|
0-0: Called Strike 0-1: Ground out 6-3 (Groundball, 4MS, EV 92.5 MPH)
|
| Bottom of the 2nd over - 1 run, 2 hits, 0 errors, 2 left on base; Waynesboro 1 - Johnson City 1 |
| TOP OF THE 3RD |
|
Waynesboro Braves batting - Pitching for Johnson City Soilders : RHP Mike Skinner
|
|
Batting: RHB Richie Carter
|
0-0: Ball 1-0: Ball 2-0: Ball 3-0: Swinging Strike 3-1: Called Strike 3-2: Base on Balls
|
|
Batting: RHB Sam Khalifa
|
0-0: Called Strike 0-1: Foul Ball, location: 2F 0-2: Ball 1-2: Foul Ball, location: 2F 1-2: Ball 2-2: Foul Ball, location: 2F 2-2: Strikes out swinging
|
|
Batting: RHB Tony Woods
|
0-0: Foul Ball, location: 2F 0-1: Ball 1-1: Ball 2-1: Swinging Strike 2-2: SINGLE (Groundball, 6D, EV 96.3 MPH) Richie Carter to second
|
|
Batting: RHB Bob Calley
|
0-0: Called Strike 0-1: Grounds into double play, 6-4-3 (Groundball, 6, EV 76.9 MPH)
|
| Top of the 3rd over - 0 runs, 1 hit, 0 errors, 1 left on base; Waynesboro 1 - Johnson City 1 |
| BOTTOM OF THE 3RD |
|
Johnson City Soilders batting - Pitching for Waynesboro Braves : RHP Roberto Carrero
|
|
Batting: SHB Jeff Trout
|
0-0: Ground out 4-3 (Groundball, 4, EV 104.4 MPH)
|
|
Batting: RHB Eugene Steinbach
|
0-0: Ball 1-0: Foul Ball, location: 2F 1-1: Ball 2-1: Ball 3-1: Base on Balls
|
|
Batting: LHB Steve Moses
|
0-0: Ball 1-0: Called Strike 1-1: Ball 2-1: DOUBLE (Line Drive, 7LM, EV 105.0 MPH) Eugene Steinbach to third
|
|
Batting: RHB Juan Pacho
|
0-0: Ball 1-0: Ball 2-0: Swinging Strike 2-1: Ball 3-1: Foul Ball, location: 2F 3-2: Foul Ball, location: 2F 3-2: SINGLE (Groundball, 34D, EV 100.6 MPH) Eugene Steinbach scores Steve Moses to third Runner from 3rd tries for Home, SAFE, throw by RF to home
|
|
Pitching: RHP Mike Norment
|
|
|
Batting: SHB Claudio Brito
|
0-0: Ball Wild Pitch! Juan Pacho to second 1-0: Called Strike 1-1: Foul Ball, location: 2F 1-2: Ball Wild Pitch! Juan Pacho to third 2-2: Foul Ball, location: 2F 2-2: Foul Ball, location: 2F 2-2: Foul Ball, location: 2F 2-2: Foul Ball, location: 2F 2-2: Ball 3-2: Base on Balls
|
|
Batting: RHB Victor Gonzalez
|
0-0: Ball 1-0: Called Strike 1-1: Called Strike Claudio Brito is caught stealing 2nd base 2-4 1-2: SINGLE (Groundball, 6D, EV 94.4 MPH) Juan Pacho scores
|
|
Batting: SHB Victor Davila
|
0-0: Ball Victor Gonzalez steals 2nd base (no throw) 1-0: Ball 2-0: Ground out 4-3 (Groundball, 34D, EV 105.6 MPH)
|
| Bottom of the 3rd over - 3 runs, 3 hits, 0 errors, 1 left on base; Waynesboro 1 - Johnson City 4 |
| TOP OF THE 4TH |
|
Waynesboro Braves batting - Pitching for Johnson City Soilders : RHP Mike Skinner
|
|
Batting: RHB Jorge Llano
|
0-0: Swinging Strike 0-1: Foul Ball, location: 2F 0-2: Strikes out looking
|
|
Batting: RHB Angelo Bruno
|
0-0: Called Strike 0-1: Ball 1-1: Foul Ball, location: 2F 1-2: Foul Ball, location: 2F 1-2: Foul Ball, location: 2F 1-2: Strikes out swinging
|
|
Batting: RHB Juan Velazquez
|
0-0: Foul Ball, location: 2F 0-1: Ball 1-1: Swinging Strike 1-2: Ball 2-2: Strikes out swinging
|
| Top of the 4th over - 0 runs, 0 hits, 0 errors, 0 left on base; Waynesboro 1 - Johnson City 4 |
| BOTTOM OF THE 4TH |
|
Johnson City Soilders batting - Pitching for Waynesboro Braves : RHP Mike Norment
|
|
Batting: RHB Rich Amaral
|
0-0: Called Strike 0-1: Ball 1-1: Called Strike 1-2: Foul Ball, location: 2F 1-2: Foul Ball, location: 2F 1-2: Foul Ball, location: 2F 1-2: DOUBLE (Line Drive, 78D, EV 112.5 MPH)
|
|
Batting: RHB Alejandro Sanchez
|
0-0: Foul Ball, location: 2F 0-1: Called Strike 0-2: Ball 1-2: Ball 2-2: Fly out, F3 (Popup, 3L, EV 62.5 MPH)
|
|
Batting: SHB Jeff Trout
|
0-0: Called Strike 0-1: Called Strike 0-2: Ball 1-2: SINGLE (Groundball, 56D, EV 105.6 MPH) Rich Amaral to third Runner from 3rd tries for Home, SAFE, throw by LF to home
|
|
Batting: RHB Eugene Steinbach
|
0-0: Foul Ball, location: 2F 0-1: Swinging Strike 0-2: Ball 1-2: Ball 2-2: Ball 3-2: Foul Ball, location: 2F 3-2: Base on Balls Jeff Trout to second
|
|
Batting: LHB Steve Moses
|
0-0: SINGLE (Line Drive, 5D, EV 98.8 MPH) Jeff Trout to third Eugene Steinbach to second Runner from 3rd tries for Home, SAFE, throw by LF to home
|
|
Batting: RHB Juan Pacho
|
0-0: Ball Eugene Steinbach is caught stealing 3rd base 2-5 Steve Moses to second 1-0: Foul Ball, location: 2F 1-1: Ball 2-1: Swinging Strike 2-2: Ball 3-2: Base on Balls
|
|
Batting: SHB Claudio Brito
|
0-0: Ball 1-0: Called Strike 1-1: Foul Ball, location: 2F 1-2: Ball 2-2: Ball 3-2: SINGLE (Groundball, 4MD, EV 102.5 MPH) Steve Moses to third Juan Pacho to second Steve Moses scores Juan Pacho to third
|
|
Batting: RHB Victor Gonzalez
|
0-0: Fly out, F1 (Line Drive, P, EV 70.0 MPH)
|
| Bottom of the 4th over - 3 runs, 4 hits, 0 errors, 2 left on base; Waynesboro 1 - Johnson City 7 |
| TOP OF THE 5TH |
|
Waynesboro Braves batting - Pitching for Johnson City Soilders : RHP Mike Skinner
|
|
Batting: RHB Thomas Walker
|
0-0: Ground out U3 (Groundball, 34, EV 86.3 MPH)
|
|
Batting: RHB Andres Amoros
|
0-0: Swinging Strike 0-1: Ball 1-1: Ball 2-1: Ball 3-1: Foul Ball, location: 2F 3-2: Strikes out swinging
|
|
Batting: RHB Richie Carter
|
0-0: Ball 1-0: Ground out 6-3 (Groundball, 6, EV 106.9 MPH)
|
| Top of the 5th over - 0 runs, 0 hits, 0 errors, 0 left on base; Waynesboro 1 - Johnson City 7 |
| BOTTOM OF THE 5TH |
|
Johnson City Soilders batting - Pitching for Waynesboro Braves : RHP Mike Norment
|
|
Batting: SHB Victor Davila
|
0-0: Called Strike 0-1: Ball 1-1: Called Strike 1-2: Ball 2-2: Ground out 4-3 (Groundball, 4D, EV 82.5 MPH)
|
|
Batting: RHB Rich Amaral
|
0-0: Ball 1-0: DOUBLE (Groundball, 5L, EV 107.5 MPH)
|
|
Pitching: RHP Randy McFarlen
|
|
|
Batting: RHB Alejandro Sanchez
|
0-0: Called Strike 0-1: Ball 1-1: Foul Ball, location: 2F 1-2: Ball 2-2: Ball 3-2: Foul Ball, location: 2F 3-2: Fly out, F9 (Flyball, 9, EV 90.6 MPH)
|
|
Batting: SHB Jeff Trout
|
0-0: Ball 1-0: Called Strike 1-1: Foul Ball, location: 2F 1-2: Ball 2-2: Foul Ball, location: 2F 2-2: Ball 3-2: Base on Balls
|
|
Batting: RHB Eugene Steinbach
|
0-0: Ball 1-0: Foul Ball, location: 2F 1-1: Ball Wild Pitch! Rich Amaral to third Jeff Trout to second 2-1: Ball 3-1: Swinging Strike 3-2: Base on Balls
|
|
Batting: LHB Steve Moses
|
0-0: Called Strike 0-1: Swinging Strike 0-2: Ball 1-2: Ball 2-2: Strikes out swinging
|
| Bottom of the 5th over - 0 runs, 1 hit, 0 errors, 3 left on base; Waynesboro 1 - Johnson City 7 |
| TOP OF THE 6TH |
|
Waynesboro Braves batting - Pitching for Johnson City Soilders : RHP Mike Skinner
|
|
Batting: RHB Sam Khalifa
|
0-0: Called Strike 0-1: Ground out 6-3 (Groundball, P, EV 86.3 MPH)
|
|
Batting: RHB Tony Woods
|
0-0: Foul Ball, location: 2F 0-1: Ball 1-1: Foul Ball, location: 2F 1-2: Foul Ball, location: 2F 1-2: Strikes out swinging
|
|
Batting: RHB Bob Calley
|
0-0: Ball 1-0: Called Strike 1-1: Ball 2-1: Ball 3-1: Ground out 5-3 (Groundball, 56S, EV 69.4 MPH)
|
| Top of the 6th over - 0 runs, 0 hits, 0 errors, 0 left on base; Waynesboro 1 - Johnson City 7 |
| BOTTOM OF THE 6TH |
|
Johnson City Soilders batting - Pitching for Waynesboro Braves : RHP Randy McFarlen
|
|
Batting: RHB Juan Pacho
|
0-0: Swinging Strike 0-1: Ball 1-1: Called Strike 1-2: Ball 2-2: Foul Ball, location: 2F 2-2: Ball 3-2: Ground out 5-3 (Groundball, 56, EV 81.9 MPH)
|
|
Batting: SHB Claudio Brito
|
0-0: Ball 1-0: Ball 2-0: Ball 3-0: Called Strike 3-1: Foul Ball, location: 2F 3-2: Base on Balls
|
|
Batting: RHB Victor Gonzalez
|
0-0: Foul Ball, location: 2F 0-1: DOUBLE (Line Drive, 78D, EV 100.6 MPH) Claudio Brito to third Runner from 3rd tries for Home, SAFE, no throw by CF
|
|
Batting: SHB Victor Davila
|
0-0: Ball Wild Pitch! Victor Gonzalez to third 1-0: Reached on error, E6 (Groundball, 6, EV 77.5 MPH) Victor Gonzalez scores
|
|
Batting: RHB Rich Amaral
|
0-0: DOUBLE (Line Drive, 89D, EV 111.3 MPH) Victor Davila to third Runner from 3rd tries for Home, SAFE, no throw by CF
|
|
Batting: RHB Alejandro Sanchez
|
0-0: Ball 1-0: Ball 2-0: Ball 3-0: Called Strike 3-1: Called Strike 3-2: Foul Ball, location: 2F 3-2: Base on Balls
|
|
Batting: SHB Jeff Trout
|
0-0: Ball 1-0: Called Strike 1-1: Grounds out, U3 (Groundball, 3L, EV 105.6 MPH) Rich Amaral to third
|
|
Batting: RHB Eugene Steinbach
|
0-0: Ball 1-0: Called Strike 1-1: Fly out, F4 (Flyball, 4MD, EV 85.0 MPH)
|
| Bottom of the 6th over - 3 runs, 2 hits, 1 error, 2 left on base; Waynesboro 1 - Johnson City 10 |
| TOP OF THE 7TH |
|
Waynesboro Braves batting - Pitching for Johnson City Soilders : RHP Mike Skinner
|
|
Batting: RHB Jorge Llano
|
0-0: Ball 1-0: Called Strike 1-1: Ground out 5-3 (Groundball, 56S, EV 69.4 MPH)
|
|
Pinch Hitting: RHB Mike Colpitt
|
0-0: Swinging Strike 0-1: Swinging Strike 0-2: Ball 1-2: Foul Ball, location: 2F 1-2: Ball 2-2: Fly out, F8 (Line Drive, 8RM, EV 104.4 MPH)
|
|
Pinch Hitting: RHB Stanley Palmore
|
0-0: Ball 1-0: Ball 2-0: Ball 3-0: Called Strike 3-1: Base on Balls
|
|
Batting: RHB Thomas Walker
|
0-0: Fly out, F8 (Flyball, 8LD, EV 101.9 MPH)
|
| Top of the 7th over - 0 runs, 0 hits, 0 errors, 1 left on base; Waynesboro 1 - Johnson City 10 |
| BOTTOM OF THE 7TH |
|
Johnson City Soilders batting - Pitching for Waynesboro Braves : RHP Randy McFarlen
|
|
Now at 3B: Mike Colpitt
|
|
|
Now in LF: Keith Ross
|
|
|
Pinch Hitting: RHB Thomas Mitchell
|
0-0: Fly out, F8 (Flyball, 8RD, EV 78.8 MPH)
|
|
Batting: RHB Juan Pacho
|
0-0: Called Strike 0-1: Foul Ball, location: 2F 0-2: Foul Ball, location: 2F 0-2: Ground out U3 (Groundball, 34D, EV 77.5 MPH)
|
|
Pitching: RHP Talbot Aiello
|
|
|
Batting: SHB Claudio Brito
|
0-0: Ball 1-0: Called Strike 1-1: Foul Ball, location: 2F 1-2: Ball 2-2: Fly out, F8 (Flyball, 8RS, EV 86.9 MPH)
|
| Bottom of the 7th over - 0 runs, 0 hits, 0 errors, 0 left on base; Waynesboro 1 - Johnson City 10 |
| TOP OF THE 8TH |
|
Waynesboro Braves batting - Pitching for Johnson City Soilders : RHP Mike Skinner
|
|
Now in RF: Thomas Mitchell
|
|
|
Pinch Hitting: RHB Hollis Martin
|
0-0: Ground out 5-3 (Groundball, 5S, EV 70.6 MPH)
|
|
Batting: RHB Richie Carter
|
0-0: Fly out, F9 (Flyball, 89S, EV 87.5 MPH)
|
|
Pinch Hitting: RHB Orlando Gonzalez
|
0-0: Ball 1-0: Fly out, F8 (Flyball, 8LS, EV 82.5 MPH)
|
| Top of the 8th over - 0 runs, 0 hits, 0 errors, 0 left on base; Waynesboro 1 - Johnson City 10 |
| BOTTOM OF THE 8TH |
|
Johnson City Soilders batting - Pitching for Waynesboro Braves : RHP Talbot Aiello
|
|
Now at 2B: Orlando Gonzalez
|
|
|
Now at SS: Hollis Martin
|
|
|
Batting: RHB Victor Gonzalez
|
0-0: Ball 1-0: Called Strike 1-1: SINGLE (Groundball, 6M, EV 103.1 MPH) (infield hit)
|
|
Pinch Hitting: RHB Eric Ayala
|
0-0: Foul Ball, location: 2F 0-1: Fly out, F8 (Flyball, 89M, EV 87.5 MPH)
|
|
Batting: RHB Rich Amaral
|
0-0: Ball 1-0: Ball 2-0: Ball 3-0: Called Strike 3-1: Base on Balls Victor Gonzalez to second
|
|
Batting: RHB Alejandro Sanchez
|
0-0: Grounds into double play, 5-4-3 (Groundball, 5, EV 103.1 MPH)
|
| Bottom of the 8th over - 0 runs, 1 hit, 0 errors, 1 left on base; Waynesboro 1 - Johnson City 10 |
| TOP OF THE 9TH |
|
Waynesboro Braves batting - Pitching for Johnson City Soilders : RHP Mike Skinner
|
|
Now at 2B: Eric Ayala
|
|
|
Batting: RHB Tony Woods
|
0-0: Called Strike 0-1: Swinging Strike 0-2: Strikes out looking
|
|
Batting: RHB Bob Calley
|
0-0: Ball 1-0: Ball 2-0: Ball 3-0: Called Strike 3-1: Fly out, F8 (Flyball, 78D, EV 81.9 MPH)
|
|
Batting: RHB Jorge Llano
|
0-0: Ball 1-0: Ball 2-0: Swinging Strike 2-1: Ball 3-1: Fly out, F9 (Flyball, 9S, EV 91.3 MPH)
|
| Top of the 9th over - 0 runs, 0 hits, 0 errors, 0 left on base; Waynesboro 1 - Johnson City 10 |
|